 Dungeon Crawl Stone Soup version 0.27.0-1-g7a089689b8 (webtiles) character file.

Game seed: 6789789969112753263

26 Kinoniko the Chopper (level 3, 0/31 HPs)
             Began as a Hill Orc Abyssal Knight on Aug 17, 2021.
             Was a Follower of Lugonu.
             Slain by a jackal (2 damage)
             ... on level 2 of the Dungeon.
             The game lasted 00:01:31 (1350 turns).

Kinoniko the Chopper (Hill Orc Abyssal Knight)      Turns: 1350, Time: 00:01:32

Health: 0/31       AC:  3    Str: 15    XL:     3   Next: 8%
Magic:  5/5        EV: 11    Int: 14    God:    Lugonu [*.....]
Gold:   25         SH:  0    Dex: 10    Spells: 2/2 levels left

rFire    + . .     SeeInvis .   a - +1 hand axe
rCold    . . .     Faith    .   (no shield)
rNeg     . . .     Spirit   .   b - +0 leather armour
rPois    .         Reflect  .   (no helmet)
rElec    .         Harm     .   (no cloak)
rCorr    .         Rampage  .   (no gloves)
Will     .....                  (no boots)
Stlth    +.........             (no amulet)
HPRegen  0.10/turn              (no ring)
MPRegen  0.09/turn              (no ring)

@: no status effects
A: clever 1, fire resistance 1, MP-powered wands
a: Renounce Religion, Depart the Abyss


You were on level 2 of the Dungeon.
You worshipped Lugonu.
Lugonu was aware of your devotion.
You visited 1 branch of the dungeon, and saw 4 of its levels.
You visited the Abyss 1 time.

You collected 25 gold pieces.

Inventory:

Hand Weapons
 a - a +1 hand axe (weapon)
Armour
 b - a +0 leather armour (worn)
Scrolls
 c - a scroll of fear {unknown}
 d - a scroll of fog {unknown}
 f - a scroll of magic mapping {unknown}
 g - a scroll of enchant armour {unknown}
 h - a scroll of acquirement {unknown}
 i - 2 scrolls of identify {unknown}
 j - 2 scrolls of amnesia {unknown}
 k - a scroll of noise {unknown}


   Skills:
 - Level 3.6 Fighting
 * Level 4.2 Axes
 - Level 2.1 Armour
 - Level 0.7 Dodging
 + Level 3.1 Invocations


You had 2 spell levels left.
You didn't know any spells.
Your spell library contained the following spells:

 Spells                   Type           Power      Damage    Failure   Level
 Gell's Gravitas          Tloc           0%         N/A       71%         3
 Teleport Other           Tloc           0%         N/A       71%         3
 Dispersal                Tloc           0%         N/A       100%        6


Dungeon Overview and Level Annotations

Branches:
Dungeon (4/15)
 Temple: D:4-7

Altars:


Innate Abilities, Weirdness & Mutations

Your mind is acute. (Int +2)
Your flesh is heat resistant. (rF+)
You expend magic power (3 MP) to strengthen your wands.


Message History

You hit the goblin but do no damage.
The goblin is heavily wounded.
The goblin completely misses you.
Unknown command.
You hit the goblin.
The goblin is severely wounded.
The goblin hits you with a +0 dagger.
* * * LOW HITPOINT WARNING * * *
Unknown command.
You hit the goblin.
You kill the goblin!
Lugonu accepts your kill.
The jackal bites you but does no damage.
Unknown command.
You hit the jackal but do no damage.
The jackal is heavily wounded.
The jackal bites you.
* * * LOW HITPOINT WARNING * * *
You miss the jackal.
The jackal is heavily wounded.
The jackal bites you but does no damage.
The jackal bites you.
* * * LOW HITPOINT WARNING * * *
Unknown command.
You hit the jackal.
The jackal is almost dead.
The jackal closely misses you. The jackal misses you.
Unknown command.
You closely miss the jackal.
The jackal is severely wounded.
The jackal bites you but does no damage.
Unknown command.
You barely miss the jackal.
The jackal is severely wounded.
The jackal closely misses you.
Unknown command.
You hit the jackal.
The jackal is severely wounded.
The jackal closely misses you. The jackal bites you.
You die...

#.#....##.##...##
#.#.#### .####### ##.#.#
.## # ####....# .. #
.####....#### #.### .
......##.###### ...#.#
####...g.....######.....
#)##h####.....#..≈.≈≈ #
#@# #####..≈.≈.≈≈ #.#
#.#.≈.≈.. #.# #..##≈...
#.# ##.≈ ≈♣.. #.#
###≈♣.≈≈ #.# #.≈.. ###
#≈.. ≈≈


You could see a jackal and a goblin.

Vanquished Creatures
  A ball python (D:1)
  3 bats (D:1)
  2 endoplasms
  A giant cockroach (D:1)
  2 goblins
  2 hobgoblins (D:1)
  3 jackals
  3 quokkas
  4 kobolds
  A rat (D:2)
22 creatures vanquished.

Notes
Turn   | Place    | Note
-------+----------+-------------------------------------------
     0 | Abyss:1  | Kinoniko the Hill Orc Abyssal Knight began the quest for
                  | the Orb.
     0 | Abyss:1  | Reached XP level 1. HP: 19/19 MP: 2/2
    27 | D:1      | Escaped the Abyss
    81 | D:1      | Reached skill level 3 in Axes
   246 | D:1      | Reached XP level 2. HP: 25/26 MP: 4/4
   318 | D:1      | Reached * piety under Lugonu
  1082 | D:2      | You fall into a shaft and drop 2 floors!
  1085 | D:4      | Noticed a scorpion
  1176 | D:2      | Reached skill level 4 in Axes
  1326 | D:2      | Reached XP level 3. HP: 18/31 MP: 5/5
  1327 | D:2      | Gained mutation: Your mind is acute. (Int +2) [potion of
                  | mutation]
  1327 | D:2      | Gained mutation: Your flesh is heat resistant. (rF+)
                  | [potion of mutation]
  1327 | D:2      | Gained mutation: You expend magic power (3 MP) to
                  | strengthen your wands. [potion of mutation]
  1350 | D:2      | Slain by a jackal

Illustrated notes

Levels and vault maps discovered:
D:1:      dpeg_arrival_brainrot, layout_basic, serial_park_tiny_2,
          chequers_garden, minivault_4
D:2:      layout_rooms, dilly_ecumenical_altar_fadedgnrine,
          chequers_serial_rivers_marsh
D:3:      layout_loops_ring, minmay_vboxes
D:4:      layout_basic, mainiacjoe_overflow_big_doors, serial_shops,
          kennysheep_mini_moat, st_stairs_12

Skill      XL: |  1  2 |
---------------+-------+-----
Axes           | 3 4 |  4.2
Invocations    | 3 |  3.1
Fighting       | |  3.6
Armour         | |  2.1
Dodging        | |  0.7

Action                   || total
-------------------------++-------
Melee: Hand axe          ||    85
Invok: Depart the Abyss  ||     1
  Use: Potion            ||     1
Armor: Leather armour    ||    32
Dodge: Dodged            ||    73
